 Dungeon Crawl Stone Soup version 0.30.1-11-g7821555f0a (webtiles) character file.

Game seed: 2324215202197720160

66 VibeKiller the Sneak (level 3, -6/16 HPs)
             Began as a Spriggan Enchanter on Dec 21, 2023.
             Killed from afar by an orc wizard (9 damage)
             ... with a puff of flame
             ... on level 2 of the Dungeon.
             The game lasted 00:07:24 (1391 turns).

VibeKiller the Sneak (Spriggan Enchanter)           Turns: 1391, Time: 00:07:25

Health: -6/16      AC:  2    Str:  6    XL:     3   Next: 96%
Magic:  6/8        EV: 17    Int: 16    God:
Gold:   29         SH:  0    Dex: 15    Spells: 3/8 levels left

rFire   . . .        a - +1 dagger
rCold   . . .        (no shield)
rNeg    . . .        b - +0 robe
rPois   +            (helmet restricted)
rElec   .            (no cloak)
rCorr   .            (gloves unavailable)
SInv    +            (boots unavailable)
Will    .....        (no amulet)
Stlth   +            f - ring of poison resistance
HPRegen 0.22/turn    m - ring of flight
MPRegen 0.11/turn

%: no passive effects
@: confused, flying, very slightly contaminated, invisible, very quick
A: very small, no large weapons, unfitting armour, see invisible, speed 3
a: no special abilities


You were on level 2 of the Dungeon.
You visited 1 branch of the dungeon, and saw 2 of its levels.

You collected 29 gold pieces.

Inventory:

Hand Weapons
 a - a +1 dagger (weapon)
 h - a +0 sling
Armour
 b - a +0 robe (worn)
Jewellery
 f - a ring of poison resistance (left hand)
 m - a ring of flight (right hand)
Scrolls
 e - a scroll of identify {unknown}
 g - 2 scrolls of immolation {unknown}
 i - a scroll of brand weapon {unknown}
 k - a scroll of poison {unknown}
Potions
 d - a potion of heal wounds {unknown}
 j - a potion of attraction {unknown}
 l - a potion of curing {unknown}


   Skills:
 + Level 0.1 Fighting
 + Level 1.3 Short Blades
 + Level 1.2 Ranged Weapons
 + Level 3.1 Dodging
 + Level 5.0 Stealth
 + Level 3.3 Spellcasting
 + Level 4.2 Hexes
 + Level 0.5 Ice Magic


You had 3 spell levels left.
You knew the following spells:

 Your Spells              Type           Power      Damage    Failure   Level
a - Ensorcelled Hibernat  Hex/Ice        20%        N/A       11%         2
b - Confusing Touch       Hex            16%        N/A       10%         3

Your spell library contained the following spells:

 Spells                   Type           Power      Damage    Failure   Level
 Tukima's Dance           Hex            16%        N/A       10%         3
 Dazzling Flash           Conj/Hex       18%        N/A       22%         3
 Portal Projectile        Hex/Tloc       18%        N/A       22%         3
 Call Canine Familiar     Summ           2%         N/A       47%         3
 Leda's Liquefaction      Hex/Erth       4%         N/A       58%         4


Dungeon Overview and Level Annotations

Branches:
Dungeon (2/15)

Altars:

Shops:
D:1 [(*(*


Innate Abilities, Weirdness & Mutations

You are very small and have problems with some larger weapons.
You are too small for most types of armour.
You have supernaturally acute eyesight. (SInv)
You cover ground extremely quickly. (Speed+++)


Message History

Casting: Ensorcelled Hibernation (safe; 11% risk of failure)
Confirm with . or Enter, or press ? or * to list all spells.
The spell is extremely dangerous to miscast (10% risk of failure)!
Continue anyway?
You miscast Confusing Touch.
You are very lightly contaminated with residual magic.
You feel enfeebled.
You feel yourself slow down. The bat barely misses you.
a - a +1 dagger (weapon)
The bat barely misses you.
The orc wizard points at you and mumbles some strange words.
The puff of flame hits you!
Ouch! That really hurt!
You hit the orc wizard.
The orc wizard is heavily wounded.
The bat closely misses you.
The orc wizard hits you with a +0 dagger.
* * * LOW HITPOINT WARNING * * *
You barely miss the orc wizard.
The orc wizard is heavily wounded.
The bat hits you.
* * * LOW HITPOINT WARNING * * *
The orc wizard closely misses you.
You hit the orc wizard but do no damage.
The orc wizard is heavily wounded.
The bat completely misses you.
The orc wizard gestures at you while chanting.
The puff of flame misses you. The orc wizard casts a spell at you.
You resist with some effort. The bat misses you.
The orc wizard points at you and mumbles some strange words.
You are confused.
You fade into invisibility!
You feel yourself speed up. The bat hits you but does no damage.
The bat hits you.
* * * LOW HITPOINT WARNING * * *
You bump into the rock wall.
You bump into the rock wall.
The bat misses you.
The orc wizard points at the bat and mumbles some strange words.
The puff of flame hits you!
Ouch! That really hurt!
You die...

....#......##....................
.......############..............
.#####.# ######......... .#...#.#
#......... .#.#.#.# ###.........
.#.#.#.# ###.....##...# .......#
#...#...####.. .......#
###########.####### #.
.......###......@..o........
.........#..##...#b...####..
...###.#.# #...#....# .#.# #.#.#
#..##....# ...# #.#.# ....
##..... ...# #.#.# ....# #...#..
...# #.#.#...## #...#... ...#
#.#.#.## ##..# .. ..####.#.#


You could see an orc wizard (unable to see you) and a bat.

Vanquished Creatures
  Jessica (D:2)
  A worm (D:2)
  2 dart slugs
  2 ball pythons (D:1)
  6 endoplasms (D:1)
  A giant cockroach (D:1)
  4 goblins
  3 hobgoblins
  A quokka (D:1)
  3 bats
  4 frilled lizards
  2 kobolds (D:1)
  A rat (D:1)
31 creatures vanquished.

Notes
Turn   | Place    | Note
-------+----------+-------------------------------------------
     0 | D:1      | VibeKiller the Spriggan Enchanter began the quest for the
                  | Orb.
     0 | D:1      | Reached XP level 1. HP: 9/9 MP: 5/5
    14 | D:1      | Found Uhewn's Weapon Shop.
    26 | D:1      | Found Viyxku's Assorted Antiques.
    79 | D:1      | Found Qojast's Assorted Antiques.
   100 | D:1      | Reached XP level 2. HP: 12/13 MP: 7/7
   126 | D:1      | Learned a level 2 spell: Ensorcelled Hibernation
   226 | D:1      | Found Suatog's Antique Weapon Boutique.
   484 | D:1      | Found Atter's Antique Armour Boutique.
   991 | D:2      | Reached XP level 3. HP: 16/16 MP: 8/8
   995 | D:2      | Learned a level 3 spell: Confusing Touch
  1019 | D:2      | Noticed Jessica
  1036 | D:2      | Killed Jessica
  1037 | D:2      | Reached skill level 5 in Stealth
  1136 | D:2      | Reached skill level 1 in Ranged Weapons
  1391 | D:2      | Killed from afar by an orc wizard

Illustrated notes

Levels and vault maps discovered:
D:1:      spicycebolla_arrival_xxxplode, layout_rooms, serial_shops,
          nicolae_shop_overgrown_old_shop, nicolae_shop_tiny_real_fake_doors,
          nicolae_shop_getting_attention, nicolae_diamond_shop,
          nicolae_shop_hallway_stairs
D:2:      minmay_recursive_quarters, layout_basic, kennysheep_small_spiral,
          nrook_campfire, minmay_stone_trees_small, uniq_sigmund, uniq_jessica

Skill      XL: |  1  2  3 |
---------------+----------+-----
Spellcasting   | 3 |  3.3
Dodging        | 3 |  3.1
Hexes          | 4 |  4.2
Stealth        | 5 |  5.0
Ranged Weapons | 1 |  1.2
Fighting       | |  0.1
Short Blades   | |  1.3
Ice Magic      | |  0.5

Action                     || total
---------------------------++-------
  Melee: Dagger            ||    70
         Punch             ||     2
   Fire: Sling             ||    43
   Cast: Ensorcelled Hiber ||    19
         Confusing Touch   ||     3
    Use: Potion            ||     2
   Stab: Sleeping          ||    10
 Armour: Robe              ||     6
  Dodge: Dodged            ||    60
